AoeStats
← RohanAoE

Arena

510804299Analyzed
4v4 RM · 9h ago on Oct 2, 2026· 31m 28s· 8 players
Game mode
Random Map
Map size
Large (8 player)
Population
200
Speed
Normal
Resources
Standard
Victory
Conquest
Starting age
Dark Age
Ending age
Imperial Age
RankedLock teamsTeams togetherTeam positionsShared explorationLock speedFull tech treeHidden civsTurbo modeCheats
Victory
Defeat
🇸🇻 Italians · El Salvador
1568
+15
🇨🇦 Saracens · Canada
1561
+15
🇨🇳 Britons · China
1554
+16
🇻🇳 Cumans · Vietnam
1552
+16
🇺🇸 Ethiopians · United States
1663
-20
🇩🇪 Khmer · Germany
1591
-17
🇺🇸 Romans · United States
1488
-13
🇺🇸 Slavs · United States
1451
-12
WonderHD11
10:41 Feudal Age
12:35 Double-Bit Axe
14:55 Castle Age
13:29 Horse Collar
20:04 Forging
29:18 Wheelbarrow
33:32 Imperial Age
31:42 Loom
RohanAoE
10:44 Feudal Age
11:54 Double-Bit Axe
14:31 Castle Age
12:24 Horse Collar
18:56 Wheelbarrow
18:59 Bow Saw
18:58 Heavy Plow
23:18 Hand Cart
25:10 Loom
28:18 Imperial Age
26:07 Fletching
26:59 Ballistics
27:03 Gold Mining
27:09 Stone Mining
27:26 Bodkin Arrow
28:19 Thumb Ring
29:58 Chemistry
29:21 Bracer
29:51 Elite Genoese Crossbowman
luanb10
8:30 Feudal Age
9:22 Double-Bit Axe
10:04 Horse Collar
17:53 Loom
22:39 Bloodlines
26:08 Castle Age
25:01 Scale Barding Armor
26:05 Forging
26:13 Gold Mining
27:14 Chain Barding Armor
26:16 Capped Ram
27:51 Wheelbarrow
Hash-
10:01 Feudal Age
11:38 Double-Bit Axe
14:12 Castle Age
12:39 Horse Collar
14:05 Town Watch
15:06 Loom
25:13 Wheelbarrow
25:00 Bow Saw
30:17 Imperial Age
28:46 Fletching
29:23 Bodkin Arrow
31:45 Bracer
32:52 Chemistry
Polestar
10:45 Feudal Age
9:55 Loom
14:34 Castle Age
13:21 Double-Bit Axe
13:17 Horse Collar
23:34 Ballistics
24:02 Bow Saw
26:50 Heavy Plow
31:34 Imperial Age
32:04 Ballistas
deev
9:53 Feudal Age
13:29 Castle Age
12:00 Double-Bit Axe
14:51 Bow Saw
18:20 Loom
25:42 Wheelbarrow
24:58 Horse Collar
30:47 Imperial Age
Hommi
9:12 Feudal Age
12:43 Castle Age
10:58 Double-Bit Axe
11:17 Horse Collar
14:29 Bow Saw
21:03 Heavy Plow
24:45 Wheelbarrow
23:55 Loom
24:38 Gold Mining
28:33 Imperial Age
26:37 Hand Cart
29:49 Bloodlines
30:31 Husbandry
30:48 Scale Barding Armor
31:07 Conscription
31:22 Coinage
AML4554
11:05 Feudal Age
14:45 Castle Age
13:10 Double-Bit Axe
13:09 Horse Collar
16:09 Bow Saw
18:52 Wheelbarrow
21:57 Hand Cart
22:26 Sanctity
22:28 Heavy Plow
25:05 Loom
25:29 Stone Mining
26:24 Scale Mail Armor
26:35 Forging
30:04 Imperial Age
28:53 Detinets
29:29 Chain Mail Armor
29:49 Iron Casting
28:37 Pikeman
28:38 Man-at-Arms
29:18 Squires
30:28 Long Swordsman
Connection lost

Rejoining the realm…

Still unreachable

The connection could not be restored.

Session expired

The server has moved on; the page needs a fresh start.